 Dungeon Crawl Stone Soup version 0.26.0-8-g74fc34ddfb (webtiles) character file.

Game seed: 14885215945119312675

10011330 Caminho the Champion of Chaos (level 27, 285/285 HPs)
             Began as a Deep Dwarf Monk on Jan 12, 2021.
             Was the Champion of Makhleb.
             Escaped with the Orb
             ... and 10 runes!
             The game lasted 06:39:18 (71430 turns).

Caminho the Champion of Chaos (Deep Dwarf Monk)    Turns: 71430, Time: 06:39:19

Health: 285/285    AC: 54    Str: 29    XL:     27
Magic:  23/23      EV: 15    Int:  9    God:    Makhleb [******]
Gold:   3105       SH: 33    Dex: 17    Spells: 23/26 levels left

rFire    + . .     SeeInvis +   a - +9 broad axe (spect)
rCold    + . .     Faith    .   e - +8 tower shield of the Harvest Moon {Rampage +Fly}
rNeg     + + .     Spirit   .   g - +7 gold dragon scales
rPois    +         Reflect  .   n - +2 hat {SInv}
rElec    +         Harm     .   r - +2 cloak {Will+}
rCorr    .         Rampage  +   u - +2 pair of gloves "Kaaroth" {rC+ Slay+3}
Will     +++++                  b - +2 pair of boots
Stlth    ..........             y - macabre finger necklace {rN+}
HPRegen  0.00/turn              h - ring of the Hare {EV+8}
MPRegen  0.18/turn              L - ring of the Tortoise {AC+8}
                                p - ring "Wiunicar" {rElec rC- Will+ Str+3 Dex+2}

@: non-regenerating
A: damage resistance, heal wounds, beak, rugged brown scales 1, dopey 1,
negative energy resistance 1, sense surroundings 3, screaming 1, electricity
resistance, weak 1, hated by all, inability to train dodging, no ice magic, no
summoning magic, no transmutations magic, weak-willed 1, unskilled 1, no
regeneration
0: Orb of Zot
}: 10/15 runes: decaying, slimy, silver, abyssal, demonic, glowing, magical,
fiery, dark, gossamer
a: Heal Wounds, Renounce Religion, Evoke Flight, Minor Destruction, Major
Destruction


You escaped.
You worshipped Makhleb.
Makhleb was exalted by your worship.
You visited 12 branches of the dungeon, and saw 56 of its levels.
You visited Pandemonium 1 time, and saw 16 of its levels.
You visited the Abyss 2 times.
You visited 1 bazaar.
You also visited: Wizlab.

You collected 15005 gold pieces.
You spent 11900 gold pieces at shops.

Inventory:

Hand Weapons
 a - a +9 spectral broad axe (weapon)
 E - a +9 vorpal broad axe
Missiles
 v - 20 javelins
 F - 10 curare-tipped darts
 Z - 2 throwing nets (quivered) {!f}
Armour
 b - a +2 pair of boots (worn)
 e - the +8 tower shield of the Harvest Moon (worn) {Rampage +Fly}
   (You acquired it on level 4 of the Abyss)

   It lets you fly.
   It bestows one free step when moving towards enemies.
 g - +7 gold dragon scales (worn)
 n - a +2 hat of see invisible (worn)
 r - a +2 cloak of willpower (worn)
 u - the +2 pair of gloves "Kaaroth" (worn) {rC+ Slay+3}
   (You found it on level 6 of the Lair of Beasts)

   It affects your accuracy and damage with ranged weapons and melee attacks
   (+3).
   It protects you from cold.
Jewellery
 h - the ring of the Hare (left hand) {EV+8}
   (You found it on level 3 of the Crypt)

   [ring of evasion]

   It affects your evasion (+8).
 p - the ring "Wiunicar" (on amulet) {rElec rC- Will+ Str+3 Dex+2}
   (You bought it in a shop on level 12 of the Dungeon)

   [ring of willpower]

   It affects your strength (+3).
   It affects your dexterity (+2).
   It makes you vulnerable to cold.
   It insulates you from electricity.
   It affects your willpower, your defense against some magical effects.
 q - the amulet "Mick" {Reflect +Fly rF- Will+++ Dex+2 SH+5}
   (You found it in Pandemonium)

   [amulet of reflection]

   It shields you and reflects attacks.
   It affects your dexterity (+2).
   It makes you vulnerable to fire.
   It affects your willpower, your defense against some magical effects.
   It lets you fly.
   It affects your SH (+5).
 t - the ring "Sixy" {rF+ rC+ rN+ Int+6 Dex-5}
   (You acquired it on level 2 of the Crypt)

   [ring of intelligence]

   It affects your intelligence (+6).
   It affects your dexterity (-5).
   It protects you from fire.
   It protects you from cold.
   It protects you from negative energy.
 y - the macabre finger necklace (around neck) {rN+}
   (You found it on level 1 of the Depths)

   [amulet of nothing]

   It protects you from negative energy.
 G - the ring "Yvijako" {+Inv Slay+3 Stlth-}
   (You took it off a tengu reaver on level 5 of the Vaults)

   [ring of attention]

   It affects your accuracy and damage with ranged weapons and melee attacks
   (+3).
   It lets you turn invisible.
   It makes you less stealthy.
 L - the ring of the Tortoise (right hand) {AC+8}
   (You found it on level 3 of the Depths)

   [ring of protection]

   It affects your AC (+8).
Wands
 j - a wand of polymorph (27)
 m - a wand of disintegration (36)
 A - a wand of acid (10)
 D - a wand of digging (36)
 I - a wand of iceblast (19)
 P - a wand of paralysis (61)
Scrolls
 c - 3 scrolls of brand weapon
 d - 5 scrolls of holy word
 f - 4 scrolls of fog
 i - 7 scrolls of vulnerability
 k - 6 scrolls of immolation
 l - 3 scrolls of silence {!r}
 x - 8 scrolls of fear
 B - 9 scrolls of blinking {!r@r4}
 M - a scroll of magic mapping
 R - 8 scrolls of identify {@r1}
 T - 22 scrolls of teleportation {@r3}
 W - 46 scrolls of remove curse {@r2}
Potions
 o - 11 potions of lignification
 w - 3 potions of might {@q4}
 z - 3 potions of mutation
 C - 4 potions of cancellation
 H - 7 potions of haste {@q3}
 J - 4 potions of resistance {@q6}
 K - 12 potions of heal wounds {@q2}
 N - 3 potions of ambrosia {ambrosia}
 Q - 24 potions of curing {@q1}
 S - 6 potions of attraction
 X - 2 potions of invisibility
Miscellaneous
 s - a lightning rod (4/4)
 O - a condenser vane
 U - a phial of floods
 Y - a tin of tremorstones (2/2)


   Skills:
 - Level 22.0 Fighting
 - Level 22.0 Axes
 - Level 0.2 Bows
 - Level 9.0 Throwing
 + Level 23.1 Armour
 - Level 4.0 Stealth
 - Level 22.0 Shields
 - Level 12.0 Translocations
 O Level 27 Invocations
 - Level 22.0 Evocations


You had 23 spell levels left.
You knew the following spells:

 Your Spells              Type           Power        Failure   Level
d - Blink                 Tloc           N/A          5%          2
f - Apportation           Tloc           42%          3%          1

Your spell library contained the following spells:

 Spells                   Type           Power        Failure   Level
 Gell's Gravitas          Tloc           10%          11%         3
 Lesser Beckoning         Tloc           10%          11%         3
 Teleport Other           Tloc           21%          11%         3
 Passage of Golubria      Tloc           N/A          34%         4
 Corona                   Hex            0%           99%         1
 Foxfire                  Conj/Fire      0%           99%         1
 Magic Dart               Conj           0%           99%         1
 Sandblast                Erth           0%           99%         1
 Shock                    Conj/Air       0%           99%         1
 Iskenderun's Mystic Bla  Conj/Tloc      10%          99%         4
 Corpse Rot               Necr/Air       N/A          100%        2
 Poisonous Vapours        Pois/Air       0%           100%        2
 Searing Ray              Conj           0%           100%        2
 Slow                     Hex            0%           100%        2
 Sublimation of Blood     Necr           0%           100%        2
 Swiftness                Air            0%           100%        2
 Confusing Touch          Hex            0%           100%        3
 Conjure Flame            Conj/Fire      0%           100%        3
 Dazzling Flash           Conj/Hex       0%           100%        3
 Inner Flame              Hex/Fire       0%           100%        3
 Mephitic Cloud           Conj/Pois/Air  0%           100%        3
 Static Discharge         Conj/Air       0%           100%        3
 Stone Arrow              Conj/Erth      0%           100%        3
 Airstrike                Air            0%           100%        4
 Cause Fear               Hex            0%           100%        4
 Dispel Undead            Necr           0%           100%        4
 Fulminant Prism          Conj/Hex       0%           100%        4
 Olgreb's Toxic Radiance  Pois           0%           100%        4
 Sticky Flame             Conj/Fire      0%           100%        4
 Agony                    Necr           0%           100%        5
 Bolt of Magma            Conj/Fire/Erth 0%           100%        5
 Excruciating Wounds      Necr           0%           100%        5
 Fireball                 Conj/Fire      0%           100%        5
 Iskenderun's Battlesphe  Conj           0%           100%        5
 Lee's Rapid Deconstruct  Erth           0%           100%        5
 Lightning Bolt           Conj/Air       0%           100%        5
 Silence                  Hex/Air        0%           100%        5
 Conjure Ball Lightning   Conj/Air       0%           100%        6
 Invisibility             Hex            0%           100%        6
 Iron Shot                Conj/Erth      0%           100%        6
 Starburst                Conj/Fire      0%           100%        6
 Orb of Destruction       Conj           0%           100%        7
 Discord                  Hex            0%           100%        8
 Ignition                 Fire           0%           100%        8
 Death's Door             Necr           0%           100%        9
 Tornado                  Air            0%           100%        9
 Animate Skeleton         Necr           Unusable     N/A         1
 Freeze                   Ice            Unusable     N/A         1
 Sting                    Tmut/Pois      Unusable     N/A         1
 Summon Small Mammal      Summ           Unusable     N/A         1
 Call Imp                 Summ           Unusable     N/A         2
 Ensorcelled Hibernation  Hex/Ice        Unusable     N/A         2
 Passwall                 Tmut/Erth      Unusable     N/A         2
 Call Canine Familiar     Summ           Unusable     N/A         3
 Frozen Ramparts          Ice            Unusable     N/A         3
 Ignite Poison            Fire/Tmut/Pois Unusable     N/A         3
 Ozocubu's Armour         Ice            Unusable     N/A         3
 Summon Guardian Golem    Hex/Summ       Unusable     N/A         3
 Tukima's Dance           Hex            Unusable     N/A         3
 Animate Dead             Necr           Unusable     N/A         4
 Hailstorm                Conj/Ice       Unusable     N/A         4
 Ice Form                 Ice/Tmut       Unusable     N/A         4
 Petrify                  Tmut/Erth      Unusable     N/A         4
 Summon Ice Beast         Ice/Summ       Unusable     N/A         4
 Summon Lightning Spire   Summ/Air       Unusable     N/A         4
 Metabolic Englaciation   Hex/Ice        Unusable     N/A         5
 Summon Demon             Summ           Unusable     N/A         5
 Summon Forest            Summ/Tloc      Unusable     N/A         5
 Summon Mana Viper        Hex/Summ       Unusable     N/A         5
 Yara's Violent Unravell  Hex/Tmut       Unusable     N/A         5
 Eringya's Noxious Bog    Tmut/Pois      Unusable     N/A         6
 Freezing Cloud           Conj/Ice/Air   Unusable     N/A         6
 Hydra Form               Tmut           Unusable     N/A         6
 Ozocubu's Refrigeration  Ice            Unusable     N/A         6
 Shadow Creatures         Summ           Unusable     N/A         6
 Simulacrum               Ice/Necr       Unusable     N/A         6
 Dragon Form              Tmut           Unusable     N/A         7
 Spellforged Servitor     Conj/Summ      Unusable     N/A         7
 Summon Hydra             Summ           Unusable     N/A         7
 Dragon's Call            Summ           Unusable     N/A         9

Dungeon Overview and Level Annotations

Branches:
Dungeon (15/15)            Temple (1/1) D:7            Lair (6/6) D:8
  Swamp (4/4) Lair:3       Spider (4/4) Lair:4        Slime (5/5) Lair:5
    Orc (2/2) D:11            Elf (0/3) Orc:2        Vaults (5/5) D:13
  Crypt (3/3) Vaults:3       Tomb (0/3) Crypt:3      Depths (5/5) D:15
   Hell (visited)             Dis (0/7) Hell            Geh (0/7) Hell
    Coc (0/7) Hell            Tar (0/7) Hell            Zot (5/5) Depths:5
 WizLab (visited)

Altars:
Ashenzari
Dithmenos
Elyvilon
Fedhas
Gozag
Kikubaaqudgha
Makhleb
Nemelex Xobeh
Okawaru
Qazlal
Ru
Sif Muna
Uskayaw
Vehumet
Wu Jian
Xom
Yredelemnul
Zin
The Shining One
Beogh
Jiyva

Shops:
D:9 [   D:12 (?=(!   D:14 *   Orc:2 }:[?

Portals:
Hell: Depths:1 Depths:2 Depths:3 Depths:4 Depths:5
Abyss: D:7 Zot:5 Depths:1 Depths:2 Depths:4
Pandemonium: Depths:3
Ziggurat: Depths:5

Annotations:
D:10 stash
Spider:3 exclusion: downstairs
Vaults:3 3 runed translucent doors, Synox's ghost, legendary FoFi; mantisjm's ghost, veteran HOFi
Crypt:1 3 runed translucent doors, Houmnergh's ghost, master GnTm
Depths:4 3 runed translucent doors, stripedtigrrr's ghost, veteran GnWn
Zot:4 1 runed translucent door, Mikey69's ghost, legendary DsBe
Zot:5 2 transporters, OdinFK's ghost, veteran SpBr


Innate Abilities, Weirdness & Mutations

You are resistant to damage.
You can heal yourself by infusing magical energy.
You resist negative energy. (rN+)
You passively map a large area around you.
You are weak. (Str -2)
You are hated by all.
You cannot train Dodging skill.
You cannot study or cast Ice magic.
You cannot study or cast Summoning magic.
You cannot study or cast Transmutations magic.
You are slightly weak-willed. (Will-)
You are somewhat unskilled. (-1 Apt)
You do not regenerate.
You have a beak for a mouth.
You are partially covered in rugged brown scales. (AC +1, +3% HP)
You are dopey. (Int -2)
You occasionally shout uncontrollably at your foes.
You are resistant to electric shocks. (rElec)


Message History

A hell beast comes into view.
The hell beast croaks.
There is a stone staircase leading up here.
You climb upwards.
There is a stone staircase leading down here.
(D) Dungeon (T) Temple (L) Lair (S) Swamp (N) Spider Nest (M) Slime Pits (O) Orcish Mines (E) Elven Halls (V) Vaults (C) Crypt (W) Tomb (U) Depths (H) Hell (I) Dis (G) Gehenna (X) Cocytus (Y) Tartarus (Z) Zot
Where to? (Enter - D:1 @ (x,y), ? - help)
Things that are here:
a +0 leather armour; a +0 hand axe
There is a stone staircase leading up here.
You climb upwards.
There is a stone staircase leading down, spattered with blood here.
There is an escape hatch in the floor here.
There is an open door here.
There is a staircase leading out of the dungeon here.
You have escaped!

#.#.#.####..##.#.# #.# #.#.#.#
#.......# #.###### #.#.#.#
##.##...# #....... #.#.#.#
#.##...#### ######## #.#.#.#
#.>.......# #.#.#.# #.......#.#
#.#.#.# #.++'+++#.# #.#.#(#
#.+....+..# ##.#.#.# #.+..@.+..#
...#.#.#####.+....'..# ####
####.#.......+....+..###### #...
#.#######.'++'++#.##...# #.## #.#
###............# #.# #.#
#....##.##...# #.# ####.######
#.##.##.###)## #.#
......)...####.......# #.# #.#
####..............######.#####.##


There were no monsters in sight!

Vanquished Creatures
  Cerebov the Royal Jelly Mnoleg
  3 ancient liches
  6 orbs of fire
  4 juggernauts Bai Suzhen Saint Roka
  2 Killer Klowns
  A curse toe Xtahua
  10 pandemonium lords
  10 golden dragons
  3 caustic shrikes Geryon Nikola
  A Tzitzimitl
  2 Brimstone Fiends
  3 bone dragons
  3 Ice Fiends
  3 electric golems
  A hellephant
  12 liches
  24 tentacled monstrosities
  28 Orb Guardians
  5 titans
  4 Hell Sentinels
  10 quicksilver dragons
  21 acid blobs
  14 Executioners
  11 death cobs Gastronok
  2 ancient champions
  10 tentacled starspawn
  5 sphinxes
  7 tengu reavers
  11 shadow dragons
  The ghost of Flure the Black Belt, an adept DgTm
  6 draconian monks
  18 storm dragons
  5 revenants
  7 ghost moths
  15 fire giants
  6 draconian knights
  15 balrugs
  13 cacodemons
  3 draconian scorchers
  13 frost giants
  26 vault wardens
  3 deep elf sorcerers
  3 blood saints
  12 azure jellies
  4 iron dragons
  5 warmongers
  The ghost of nj0rd12 the Fighter, a journeyman MiFi of Ru
  An angel
  10 draconian shifters
  3 curse skulls
  5 draconian stormcallers
  4 emperor scorpions
  7 ghouls
  6 spriggan defenders
  2 black suns
  2 deep elf elementalists
  8 war gargoyles
  17 ironheart preservers
  12 draconian annihilators
  9 reapers
  8 vampire knights
  A juggernaut skeleton
  24 very ugly things
  9 green draconians
  24 stone giants
  2 entropy weavers
  2 deep elf demonologists
  6 white draconians
  11 yellow draconians
  4 corrupters
  12 lorocyprocas
  18 red draconians
  14 black draconians
  4 bunyips
  9 statues Snorg
  28 purple draconians
  3 deep elf annihilators
  10 spark wasps
  4 crystal guardians
  5 deep elf death magi
  14 death oozes
  11 blizzard demons
  An eidolon
  The ghost of Ixoagrun the Bludgeoner, a journeyman MiFi of Okawaru
  A merfolk impaler Josephine
  An eleionoma (shapeshifter)
  3 jiangshi
  4 eleionomae
  11 green deaths
  15 fire dragons
  19 yaktaur captains
  A kraken zombie
  7 deep elf high priests
  12 ettins
  19 hydras
  12 great orbs of eyes
  13 boulder beetles Erolcha
  16 ice dragons
  9 rakshasas
  4 spriggan air magi Harold
  2 catoblepae
  32 vault guards
  A monstrous demonspawn
  12 centaur warriors
  4 hell beasts
  3 death knights
  5 ghost crabs
  A satyr (shapeshifter)
  6 deep troll shamans Erica
  22 ogre magi
  6 alligators
  6 holy swine
  61 two-headed ogres
  4 thrashing horrors
  The ghost of waddelsworth the Thaumaturge, a journeyman DECj of Ashenzari
  5 tengu warriors
  7 deep troll earth magi
  6 spriggan berserkers Urug
  6 dancing weapons
  4 death yaks
  6 hell hogs
  2 orc high priests
  A shock serpent (shapeshifter)
  3 vampire magi Nergalle
  9 shadow wraiths
  20 soul eaters
  A storm dragon zombie
  A titan skeleton
  3 iron golems
  19 sixfirhies
  39 sun demons
  48 skeletal warriors
  7 deep elf knights
  A fire crab (shapeshifter)
  4 spatial maelstroms
  2 wretched stars
  A storm dragon skeleton
  26 hell knights
  10 shadow demons
  7 goliath frogs
  A cherub
  An unseen horror (shapeshifter)
  13 glowing orange brains
  6 spriggan druids
  An iron troll (shapeshifter)
  7 wizards
  A golden dragon zombie
  5 torturous demonspawn
  An anaconda zombie
  9 gelid demonspawn
  6 flayed ghosts
  2 iron trolls
  9 deep trolls
  5 unseen horrors
  The ghost of MrPhil the Cleaver, a novice DDFi
  7 swamp dragons
  4 deep elf archers
  9 bog bodies
  27 necromancers
  An orange crystal statue
  6 phantasmal warriors
  14 orc knights
  15 ironbrand convokers
  4 infernal demonspawn
  An anaconda skeleton
  A lindwurm
  8 harpies
  18 orc sorcerers
  16 orb spiders
  33 deep elf magi
  21 ugly things
  3 shining eyes
  5 oklob plants
  2 fire giant zombies
  33 moths of wrath
  31 wolf spiders
  3 manticores
  A shadow dragon skeleton
  2 frost giant zombies
  A draconian
  3 will-o-the-wisps
  A salamander
  3 cyclopes
  A shining eye (shapeshifter)
  6 elephants
  A frost giant skeleton
  4 black mambas
  3 rust devils
  11 vault sentinels
  A shock serpent zombie
  2 fire giant skeletons
  An eye of devastation
  A storm dragon simulacrum
  A titan simulacrum
  50 smoke demons
  10 cane toads
  The ghost of Beaer the Grave Robber, a novice VSNe
  A gargoyle
  29 orange demons
  An alligator snapping turtle skeleton
  2 dire elephant skeletons
  2 torpor snails
  4 tormentors
  2 spark wasp simulacra
  A kobold demonologist
  35 demonic crawlers
  18 hellwings
  7 ice devils
  10 komodo dragons
  5 efreet
  An emperor scorpion zombie
  13 hellions
  A golden dragon simulacrum
  A rime drake (shapeshifter)
  63 yaktaurs
  A yellow draconian skeleton
  A catoblepas skeleton
  A tengu conjurer
  11 freezing wraiths
  A queen bee
  4 ancient zymes
  2 hydra zombies
  A black draconian skeleton
  21 red devils
  38 jumping spiders
  A troll (shapeshifter)
  A merfolk (shapeshifter)
  A bloated husk
  6 trolls
  7 tyrant leeches
  A satyr zombie
  A wind drake
  A sphinx simulacrum
  28 hornets
  A wolf spider simulacrum
  2 hydra skeletons
  2 polar bears
  A dream sheep (shapeshifter)
  20 blink frogs
  2 ice dragon zombies
  42 large abominations
  A death drake skeleton
  A fire giant simulacrum
  4 raiju
  A meliai zombie
  88 slime creatures
  A fire dragon zombie
  3 alligator zombies
  2 ettin zombies
  2 ettin skeletons
  38 flying skulls
  A fire dragon skeleton
  A vampire
  16 spriggans
  A spriggan skeleton
  22 tarantellas
  49 yaks
  A spriggan (shapeshifter)
  30 starcursed masses Sigmund
  72 redbacks
  A redback (shapeshifter)
  10 fire bats
  13 wraiths
  4 wyverns
  24 ynoxinuls
  A hog (shapeshifter)
  A black mamba skeleton
  3 basilisks
  8 water elementals
  20 neqoxecs
  7 fire elementals
  14 golden eyes
  A gelid demonspawn zombie
  6 swamp worm simulacra
  A steam dragon
  28 chaos spawn
  3 vampire mosquitoes
  A harpy simulacrum
  15 swamp worms
  A swamp worm (shapeshifter)
  2 acid dragons (shapeshifter)
  8 wargs
  3 acid dragons
  18 water moccasins
  19 hydra simulacra
  4 hell hounds
  An ogre zombie
  3 spatial vortices
  A cane toad zombie
  A floating eye (shapeshifter)
  3 floating eyes
  A two-headed ogre skeleton
  An infernal demonspawn skeleton
  40 orc warriors
  2 black bears
  4 swamp drakes
  5 sky beasts
  A boulder beetle simulacrum
  8 eyes of draining
  A swamp dragon zombie
  A deep troll simulacrum
  50 ogres
  2 phantoms
  6 ice beasts
  14 wolves
  A hornet zombie
  7 necrophages
  9 boggarts
  14 small abominations
  18 centaurs
  5 big kobolds
  An elf zombie
  22 bullfrogs
  A wyvern zombie
  4 gnoll sergeants
  A water moccasin zombie
  A cyclops skeleton
  3 scorpions
  2 water moccasin skeletons
  A troll zombie
  A shapeshifter zombie
  A human simulacrum
  36 killer bees
  10 wights
  5 electric eels
  A yak skeleton
  7 howler monkeys
  7 crimson imps
  2 bullfrog zombies
  7 centaur zombies
  5 iron imps
  7 jellies
  2 bullfrog skeletons
  12 hounds
  2 quasits
  16 orc priests
  42 orc wizards
  3 centaur skeletons
  3 iguanas
  Natasha (thrice)
  9 hell rats
  6 worker ants
  A troll simulacrum
  A big kobold zombie
  A hound zombie
  A hound skeleton
  21 gnolls
  4 river rats
  A scorpion zombie
  12 adders
  A hound simulacrum
  A shadow imp
  5 white imps
  A worker ant simulacrum
  2 swamp drake simulacra
  An ufetubus
  An ooze
  An adder zombie
  4 adder skeletons
  3 worms
  A dart slug
  5 leopard geckos
  112 orcs
  4 giant cockroaches
  9 goblins
  9 hobgoblins
  22 jackals
  4 quokkas
  A river rat zombie
  4 ball pythons
  A ball python zombie
  9 bats
  5 frilled lizards
  A jackal simulacrum
  A jackal skeleton
  A kobold (shapeshifter)
  5 kobolds
  A kobold skeleton
  A leopard gecko simulacrum
  A leopard gecko zombie
  A quokka skeleton
  10 rats
  4 ball lightnings
  2 crawling corpses
  A fire vortex
  17 starspawn tentacles
3345 creatures vanquished.

Vanquished Creatures (others)
  A golden dragon
  An eldritch tentacle
  3 draconian scorchers
  A warmonger
  A draconian annihilator
  A deep elf high priest
  A rakshasa
  A tengu warrior
  2 hell hogs
  3 spriggans
  A wretched star
  A sun demon
  An unseen horror
  A goliath frog
  2 smoke demons
  2 demonic crawlers
  A hellwing
  A bloated husk
  A tyrant leech
  A polar bear
  3 hornets
  A flying skull
  A wyvern
  A water elemental
  A basilisk
  A swamp worm
  An ogre
  2 wights
  2 iguanas
  2 orc wizards
  An orc
  2 ball lightnings
  A demonic plant
  20 foxfires
  49 fungi
  71 plants
  30 starspawn tentacles
216 creatures vanquished.

Grand Total: 3561 creatures vanquished

Notes
Turn   | Place    | Note
-------+----------+-------------------------------------------
     0 | D:1      | Caminho the Deep Dwarf Monk began the quest for the Orb.
     0 | D:1      | Reached XP level 1. HP: 20/20 MP: 1/1
   486 | D:1      | Reached XP level 2. HP: 27/27 MP: 2/2
   734 | D:1      | You fall into a shaft and drop 1 floor!
   746 | D:2      | Noticed Sigmund
   789 | D:3      | Reached skill level 4 in Axes
   861 | D:3      | You fall into a shaft and drop 1 floor!
   879 | D:4      | Reached XP level 3. HP: 24/33 MP: 3/3
   950 | D:4      | Reached skill level 4 in Dodging
   950 | D:4      | Reached XP level 4. HP: 36/40 MP: 4/4
  1002 | D:4      | Found a basalt altar of Yredelemnul.
  1092 | D:4      | Reached skill level 5 in Axes
  1092 | D:4      | Reached skill level 3 in Stealth
  1337 | D:3      | Reached XP level 5. HP: 27/46 MP: 4/4
  1382 | D:3      | Found a shimmering blue altar of Sif Muna.
  1382 | D:3      | Found a blossoming altar of Fedhas.
  1390 | D:3      | Found a glowing silver altar of Zin.
  1401 | D:3      | Found a glowing golden altar of the Shining One.
  1508 | D:3      | Reached skill level 6 in Axes
  2115 | D:2      | Noticed Natasha
  2125 | D:2      | Killed Natasha
  2195 | D:2      | Reached XP level 6. HP: 42/55 MP: 4/4
  2300 | D:2      | Killed Sigmund
  2301 | D:2      | Reached skill level 7 in Axes
  2448 | D:2      | Noticed Natasha
  2472 | D:2      | Killed Natasha
  2682 | D:2      | Noticed Natasha
  2704 | D:2      | Killed Natasha
  2912 | D:3      | Found a shimmering altar of Xom.
  2966 | D:3      | Found a burning altar of Makhleb.
  2971 | D:3      | Reached XP level 7. HP: 42/61 MP: 5/5
  3155 | D:4      | Reached skill level 1 in Armour
  3155 | D:4      | Found a runed translucent gate.
  3155 | D:4      | Found a runed translucent gate.
  3155 | D:4      | Found a runed translucent gate.
  3186 | D:4      | Reached skill level 3 in Fighting
  3275 | D:4      | Reached skill level 2 in Armour
  3311 | D:4      | Noticed Beaer's ghost (novice VSNe)
  3380 | D:4      | Found a shadowy altar of Dithmenos.
  3404 | D:4      | Reached skill level 8 in Axes
  3513 | D:4      | Reached skill level 3 in Armour
  3710 | D:5      | Entered Level 5 of the Dungeon
  3720 | D:5      | Reached skill level 4 in Armour
  3857 | D:5      | Found a white marble altar of Elyvilon.
  4053 | D:5      | Reached XP level 8. HP: 60/69 MP: 5/5
  4176 | D:5      | Reached skill level 5 in Armour
  4229 | D:5      | Reached skill level 9 in Axes
  5030 | D:6      | Reached skill level 6 in Armour
  5190 | D:6      | Reached skill level 10 in Axes
  5304 | D:6      | Found a stormy altar of Qazlal.
  5305 | D:6      | Noticed an air elemental
  5352 | D:6      | Reached skill level 1 in Throwing
  5523 | D:7      | Noticed a two-headed ogre
  5618 | D:7      | Found a transporter.
  5747 | D:7      | Gained mutation: You passively map the area around you.
                  | [Deep Dwarf growth]
  5747 | D:7      | Reached XP level 9. HP: 48/70 MP: 5/5
  5890 | D:7      | Found a broken altar of Ashenzari.
  5906 | D:7      | Found a staircase to the Ecumenical Temple.
  5915 | Temple   | Entered the Ecumenical Temple
  5985 | Temple   | Became a worshipper of Ru the Awakened
  5993 | Temple   | Gained mutation: You are somewhat unskilled. (-1 Apt) [Ru
                  | sacrifice]
  5993 | Temple   | Reduced skill Axes to level 9
  5993 | Temple   | Reduced skill Armour to level 5
  5993 | Temple   | Reduced skill Dodging to level 3
  5993 | Temple   | Reached * piety under Ru
  5993 | Temple   | Reached ** piety under Ru
  6105 | D:7      | Reached skill level 6 in Armour
  6178 | D:7      | Identified the +11 trident of Circularity {distort, Will+}
  6180 | D:7      | Noticed an ancient zyme
  6181 | D:7      | Found a transporter.
  6184 | D:7      | Found a one-way gate to the infinite horrors of the Abyss.
  6184 | D:7      | Noticed MrPhil's ghost (novice DDFi)
  6320 | D:8      | Noticed Harold
  6320 | D:8      | Noticed Erica
  6433 | D:8      | Reached skill level 2 in Throwing
  6462 | D:8      | Reached skill level 1 in Evocations
  6519 | D:8      | Killed Erica
  6520 | D:8      | Reached skill level 10 in Axes
  6520 | D:8      | Reached skill level 2 in Evocations
  6526 | D:8      | Noticed a two-headed ogre
  6615 | D:8      | Killed Harold
  6616 | D:8      | Reached skill level 4 in Fighting
  6616 | D:8      | Reached skill level 7 in Armour
  6748 | D:4      | Killed Beaer's ghost
  6749 | D:4      | Reached skill level 11 in Axes
  6749 | D:4      | Reached XP level 10. HP: 40/85 MP: 4/4
  6984 | D:8      | Found a roughly hewn altar of Beogh.
  7037 | D:8      | HP: 8/85 [ogre/+0 giant club (12)]
  7241 | D:8      | Noticed a moth of wrath
  7241 | D:8      | a two-headed ogre changed into a moth of wrath
  7252 | D:8      | Killed a moth of wrath
  7253 | D:8      | Reached skill level 8 in Armour
  7253 | D:8      | Reached skill level 3 in Evocations
  7299 | D:8      | Noticed a two-headed ogre
  7393 | D:8      | Killed a two-headed ogre
  7394 | D:8      | Reached skill level 3 in Throwing
  7613 | D:8      | Found a staircase to the Lair.
  8059 | D:9      | Reached skill level 1 in Invocations
  8060 | D:9      | Found Ypsaps's Antique Armour Shop.
  8163 | D:9      | Found a runed translucent door.
  8163 | D:9      | Noticed waddelsworth's ghost (journeyman DECj)
  8175 | D:9      | Gained mutation: You are slightly weak-willed. (Will-) [Ru
                  | sacrifice]
  8175 | D:9      | Reached *** piety under Ru
  8211 | D:9      | Noticed Gastronok
  8217 | D:9      | Reached skill level 2 in Invocations
  8239 | D:9      | Killed Gastronok
  8240 | D:9      | Reached skill level 12 in Axes
  8240 | D:9      | Reached skill level 9 in Armour
  8240 | D:9      | Reached XP level 11. HP: 53/92 MP: 3/3
  8521 | D:9      | Killed waddelsworth's ghost
  8522 | D:9      | Reached skill level 4 in Throwing
  8541 | D:10     | Entered Level 10 of the Dungeon
  8613 | D:10     | Killed an unseen horror
  8731 | D:10     | Noticed Urug
  8731 | D:10     | Noticed Josephine
  8756 | D:10     | Killed Josephine
  8794 | D:10     | HP: 13/67 [Urug/+3 eveningstar of draining (2)]
  8811 | D:10     | Killed Urug
  8812 | D:10     | Reached skill level 5 in Throwing
  8812 | D:10     | Reached skill level 3 in Invocations
  8963 | D:10     | Reached skill level 5 in Fighting
  8963 | D:10     | Reached skill level 10 in Armour
 10142 | D:11     | Gained mutation: You cannot study or cast Ice magic. [Ru
                  | sacrifice]
 10142 | D:11     | Gained mutation: You cannot study or cast Transmutations
                  | magic. [Ru sacrifice]
 10142 | D:11     | Gained mutation: You cannot study or cast Summoning magic.
                  | [Ru sacrifice]
 10142 | D:11     | Reached **** piety under Ru
 10181 | D:11     | Reached skill level 1 in Shields
 10242 | D:11     | Reached skill level 13 in Axes
 10258 | D:11     | Reached skill level 2 in Shields
 10439 | D:11     | Found a staircase to the Orcish Mines.
 10588 | D:10     | Reached skill level 4 in Dodging
 10768 | D:11     | Reached XP level 12. HP: 44/87 MP: 4/4
 11009 | D:11     | Found a staircase to the Orcish Mines.
 11555 | D:12     | Found Hifukkaz's Distillery.
 11597 | D:12     | Found Wuwudomm's Antique Weapon Shop.
 11701 | D:12     | Reached skill level 6 in Throwing
 11725 | D:12     | Found Hidgheru's Jewellery Shoppe.
 11741 | D:12     | Bought an uncursed ring of see invisible for 255 gold
                  | pieces
 11760 | D:12     | Reached skill level 4 in Invocations
 11774 | D:12     | Found Uwuffoc's Magic Scroll Emporium.
 11838 | D:12     | Reached skill level 3 in Shields
 11948 | D:12     | Found Dit Gust's Antique Weapon Emporium.
 12124 | D:12     | Noticed a boulder beetle
 12158 | D:12     | Killed a boulder beetle
 12159 | D:12     | Reached skill level 4 in Stealth
 12528 | Lair:1   | Entered Level 1 of the Lair of Beasts
 12582 | Lair:1   | Got a fine quarterstaff
 12634 | Lair:1   | Gained mutation: You cannot train Dodging skill. [Ru
                  | sacrifice]
 12634 | Lair:1   | Reduced skill Dodging to level 0
 12634 | Lair:1   | Reached ***** piety under Ru
 12716 | Lair:1   | Reached skill level 5 in Invocations
 12793 | Lair:1   | You fall into a shaft and drop 1 floor!
 13133 | Lair:1   | Reached skill level 4 in Evocations
 13606 | Lair:2   | Reached skill level 7 in Throwing
 13623 | Lair:2   | Reached skill level 4 in Shields
 13969 | Lair:2   | Reached skill level 5 in Evocations
 14007 | Lair:2   | Gained mutation: You are hated by all. [Ru sacrifice]
 14193 | Lair:2   | Noticed a catoblepas
 14235 | Lair:2   | Killed a catoblepas
 14236 | Lair:2   | Reached skill level 14 in Axes
 14236 | Lair:2   | Reached skill level 6 in Invocations
 14615 | Lair:3   | You fall into a shaft and drop 3 floors!
 14615 | Lair:6   | Entered Level 6 of the Lair of Beasts
 14616 | Lair:6   | Noticed a six-headed hydra
 14669 | Lair:5   | Reached skill level 7 in Invocations
 14710 | Lair:5   | Noticed a death yak
 14711 | Lair:5   | Noticed a death yak
 14711 | Lair:5   | Noticed a death yak
 14717 | Lair:4   | Reached XP level 13. HP: 63/109 MP: 8/8
 14737 | Lair:4   | Reached skill level 8 in Invocations
 14845 | Lair:4   | Noticed Snorg
 14857 | Lair:4   | Killed Snorg
 15139 | Lair:4   | Reached skill level 6 in Evocations
 15211 | Lair:3   | Found a staircase to the Swamp.
 15348 | Lair:3   | Reached skill level 8 in Throwing
 15369 | Lair:3   | Reached skill level 6 in Fighting
 15490 | Lair:3   | Found a transporter.
 15493 | Lair:3   | Noticed Ixoagrun's ghost (journeyman MiFi)
 15553 | Lair:3   | Found a transporter.
 15867 | Lair:4   | Found a hole to the Spider Nest.
 15928 | Lair:4   | Gained mutation: You are weak. (Str -2) [Ru sacrifice]
 15928 | Lair:4   | Reached ****** piety under Ru
 16104 | D:3      | Fell from the grace of Ru
 16105 | D:3      | Became a worshipper of Makhleb the Destroyer
 17069 | Lair:5   | Reached * piety under Makhleb
 17083 | Lair:5   | Reached skill level 9 in Throwing
 17248 | Lair:5   | Found a runed translucent door.
 17251 | Lair:5   | Found a viscous altar of Jiyva.
 17253 | Lair:5   | Found a staircase to the Slime Pits.
 17253 | Lair:5   | Noticed an acid blob
 17253 | Lair:5   | Noticed an acid blob
 17632 | Lair:6   | Gained mutation: You resist negative energy. (rN+) [Deep
                  | Dwarf growth]
 17632 | Lair:6   | Reached XP level 14. HP: 82/121 MP: 8/8
 17955 | Lair:6   | Reached skill level 15 in Axes
 18008 | Lair:6   | Found a sparkling altar of Nemelex Xobeh.
 18115 | Lair:6   | Reached skill level 7 in Evocations
 18126 | Lair:6   | Reached ** piety under Makhleb
 18149 | Lair:6   | Reached skill level 7 in Fighting
 18401 | Lair:6   | Got a pair of polished gloves
 18431 | Lair:6   | Identified the +2 pair of gloves "Kaaroth" {rC+ Slay+3}
                  | (You found it on level 6 of the Lair of Beasts)
 18567 | Lair:6   | Learned a level 1 spell: Apportation
 19111 | Orc:1    | Entered Level 1 of the Orcish Mines
 19244 | Orc:1    | Found a roughly hewn altar of Beogh.
 19464 | Orc:1    | Reached *** piety under Makhleb
 19469 | Orc:1    | Learned a level 2 spell: Swiftness
 19555 | Orc:1    | Reached skill level 16 in Axes
 19688 | Orc:2    | Entered Level 2 of the Orcish Mines
 19759 | Orc:2    | Found a staircase to the Elven Halls.
 19897 | Orc:2    | Noticed Maurice
 19898 | Orc:2    | Noticed Maurice
 19898 | Orc:2    | Maurice changed into Maurice the wyvern
 19909 | Orc:2    | Killed Maurice the wyvern
 20018 | Orc:2    | Reached skill level 1 in Translocations
 20153 | Orc:2    | Reached **** piety under Makhleb
 20266 | Orc:2    | Found a runed translucent door.
 20551 | Orc:2    | Found Himav's Gadget Shop.
 20567 | Orc:2    | Found Weblem's Antique Armour Boutique.
 20638 | Orc:2    | Bought a kite shield for 162 gold pieces
 20665 | Orc:2    | Found an ancient bone altar of Kikubaaqudgha.
 20678 | Orc:2    | Noticed Nergalle
 20703 | Orc:2    | Killed Nergalle
 20794 | Orc:2    | Found a radiant altar of Vehumet.
 20795 | Orc:2    | Noticed Erolcha
 20808 | Orc:2    | Killed Erolcha
 20851 | Orc:2    | Reached skill level 5 in Shields
 20922 | Orc:2    | Found a roughly hewn altar of Beogh.
 20922 | Orc:2    | Found Tith's Magic Scroll Shop.
 20953 | Orc:2    | Reached skill level 11 in Armour
 20979 | Orc:2    | Found Fiyt's Book Boutique.
 21259 | D:13     | Reached ***** piety under Makhleb
 21328 | D:13     | Reached skill level 6 in Shields
 21423 | D:13     | Found a runed translucent door.
 21423 | D:13     | Noticed nj0rd12's ghost (journeyman MiFi)
 21812 | D:13     | Found a gate to the Vaults.
 21824 | D:13     | Reached skill level 7 in Shields
 22216 | D:14     | Reached XP level 15. HP: 125/129 MP: 8/8
 22318 | D:14     | Reached skill level 8 in Shields
 22379 | D:14     | Found Jyipt's Assorted Antiques.
 22388 | D:14     | Got a pair of heavily runed boots
 22399 | D:14     | Identified the cursed +0 pair of boots "Utuvvett" {-Tele
                  | rF++ rN+ Int+4} (You found it on level 14 of the Dungeon)
 22599 | D:14     | You fall into a shaft and drop 1 floor!
 22599 | D:15     | Entered Level 15 of the Dungeon
 23081 | D:15     | Found a staircase to the Depths.
 23089 | D:15     | Reached skill level 9 in Shields
 23184 | D:15     | Reached skill level 12 in Armour
 23527 | D:15     | Reached skill level 8 in Evocations
 23888 | D:12     | Bought a +4 ring of slaying for 1326 gold pieces
 23890 | D:12     | Bought an uncursed ring of resist corrosion for 340 gold
                  | pieces
 24013 | Orc:2    | Bought a wand of paralysis (12) for 238 gold pieces
 24830 | Spider:1 | Entered Level 1 of the Spider Nest
 24846 | Spider:1 | Reached skill level 8 in Fighting
 24927 | Spider:1 | Learned a level 2 spell: Blink
 25002 | Spider:1 | Reached ****** piety under Makhleb
 25065 | Spider:1 | Got a pitted cloak
 25104 | Spider:1 | Identified the +1 cloak of Suchynte {rC+ Regen+ Dex+7
                  | Slay-2} (You found it on level 1 of the Spider Nest)
 25366 | Spider:1 | Reached skill level 9 in Evocations
 25741 | Spider:2 | Reached skill level 13 in Armour
 25741 | Spider:2 | Reached skill level 10 in Shields
 26405 | Spider:2 | Reached XP level 16. HP: 138/140 MP: 9/9
 27636 | Spider:3 | Found the amulet of the Air {Inacc +Fly rElec EV+5 RMsl}
 27828 | Spider:4 | Entered Level 4 of the Spider Nest
 28061 | Spider:4 | Reached skill level 14 in Armour
 28101 | Spider:4 | Noticed Flure's ghost (adept DgTm)
 28107 | Spider:4 | Found a runed translucent gate.
 28107 | Spider:4 | Found a runed translucent gate.
 28109 | Spider:4 | Found a runed translucent gate.
 28308 | Spider:4 | Reached skill level 10 in Evocations
 28337 | Spider:4 | Reached skill level 11 in Shields
 28902 | Spider:4 | Reached skill level 15 in Armour
 28944 | Spider:4 | Got a gossamer rune of Zot
 29468 | D:12     | Bought a runed broad axe for 245 gold pieces
 29722 | Orc:2    | Found a roughly hewn altar of Beogh.
 29887 | Orc:2    | Bought a scroll of brand weapon for 280 gold pieces
 30268 | D:7      | Killed MrPhil's ghost
 30444 | D:13     | Killed nj0rd12's ghost
 30843 | Spider:4 | Killed Flure's ghost
 30987 | Swamp:1  | Entered Level 1 of the Swamp
 31024 | Swamp:1  | Reached XP level 17. HP: 146/146 MP: 10/10
 31241 | Lair:3   | Killed Ixoagrun's ghost
 31415 | D:12     | Bought a scroll of identify for 36 gold pieces
 31533 | Orc:2    | Bought a scroll of identify for 28 gold pieces
 31533 | Orc:2    | Bought a scroll of identify for 28 gold pieces
 31534 | Orc:2    | Identified a scroll of acquirement
 31788 | Lair:3   | Got a fine brass ring
 31789 | Lair:3   | Identified the cursed ring "Hashy" {rC+ Int-4 Dex+9 SInv}
                  | (You found it on level 3 of the Lair of Beasts)
 31791 | Lair:3   | Acquired 866 gold pieces
 31887 | Lair:3   | Reached skill level 17 in Axes
 32926 | Swamp:3  | Reached skill level 18 in Axes
 33568 | Swamp:4  | Entered Level 4 of the Swamp
 33843 | Swamp:4  | Got a decaying rune of Zot
 33898 | Swamp:4  | Noticed a tentacled monstrosity
 33912 | Swamp:4  | Killed a tentacled monstrosity
 33913 | Swamp:4  | Reached skill level 12 in Shields
 34222 | Swamp:4  | Gained mutation: You passively map a large area around you.
                  | [Deep Dwarf growth]
 34222 | Swamp:4  | Reached XP level 18. HP: 124/154 MP: 10/10
 34556 | D:9      | Bought a bloodstained ring mail for 306 gold pieces
 34556 | D:9      | Identified the +5 ring mail "Ixiuhoune" {Str+2} (You bought
                  | it in a shop on level 9 of the Dungeon)
 34558 | D:9      | Bought a runed plate armour for 884 gold pieces
 34736 | Orc:2    | Bought a scroll of fear for 49 gold pieces
 34964 | Vaults:1 | Entered Level 1 of the Vaults
 34991 | Vaults:1 | Reached skill level 19 in Axes
 35048 | Vaults:1 | Reached skill level 16 in Armour
 36314 | Vaults:2 | Got a scorched hand axe
 36326 | Vaults:2 | Identified the cursed +2 hand axe of Compulsion {vorpal,
                  | rPois} (You found it on level 2 of the Vaults)
 36497 | Vaults:2 | Noticed Nikola
 36512 | Vaults:2 | Killed Nikola
 36513 | Vaults:2 | Reached skill level 17 in Armour
 36542 | Vaults:2 | Reached skill level 13 in Shields
 36596 | Vaults:2 | Reached XP level 19. HP: 160/160 MP: 11/11
 36627 | Vaults:2 | Got a twisted robe
 36691 | Vaults:2 | Reached skill level 20 in Axes
 36879 | Vaults:2 | Noticed Saint Roka
 36914 | Vaults:2 | Killed Saint Roka
 37329 | Vaults:2 | Reached skill level 18 in Armour
 37589 | Vaults:3 | Reached skill level 9 in Invocations
 38201 | Vaults:3 | Found a runed translucent gate.
 38201 | Vaults:3 | Noticed Synox's ghost (legendary FoFi)
 38201 | Vaults:3 | Noticed an ancient lich
 38202 | Vaults:3 | Found a runed translucent gate.
 38202 | Vaults:3 | Found a runed translucent gate.
 38202 | Vaults:3 | Found an ancient bone altar of Kikubaaqudgha.
 38202 | Vaults:3 | Noticed mantisjm's ghost (veteran HOFi)
 38202 | Vaults:3 | Noticed an ancient lich
 38202 | Vaults:3 | Noticed an ancient lich
 38325 | Vaults:3 | Reached skill level 9 in Fighting
 38349 | Vaults:3 | Reached skill level 10 in Invocations
 38537 | Vaults:3 | Found a staircase to the Crypt.
 39040 | Vaults:4 | Reached skill level 14 in Shields
 39042 | Vaults:4 | Reached XP level 20. HP: 174/174 MP: 13/13
 39084 | Vaults:4 | Reached skill level 11 in Evocations
 39097 | Vaults:4 | Found a flickering gateway to a bazaar.
 39114 | Bazaar   | Entered a bazaar
 39114 | Bazaar   | Found Bichadirph's Armour Shop.
 39123 | Bazaar   | Found Hanig's Book Boutique.
 39125 | Bazaar   | Found Zagh's Antique Armour Shop.
 39135 | Bazaar   | Found Pypyb's Armour Boutique.
 39144 | Bazaar   | Found Racamp's General Store.
 39206 | Bazaar   | Bought a tin of tremorstones (2/2) for 360 gold pieces
 39220 | Bazaar   | Bought a runed helmet for 150 gold pieces
 39231 | Bazaar   | Bought a glowing cloak for 150 gold pieces
 39600 | Vaults:4 | Got a brightly glowing rapier
 39802 | Vaults:4 | Reached skill level 11 in Invocations
 40225 | Vaults:4 | Reached skill level 10 in Fighting
 40262 | Vaults:4 | Reached skill level 12 in Invocations
 40264 | Vaults:4 | Reached skill level 19 in Armour
 40590 | Vaults:4 | Noticed Bai Suzhen
 40610 | Vaults:4 | Killed Bai Suzhen
 40706 | Vaults:4 | Reached skill level 12 in Evocations
 40947 | Crypt:1  | Entered Level 1 of the Crypt
 41080 | Crypt:1  | Reached skill level 2 in Translocations
 41237 | Crypt:1  | Reached XP level 21. HP: 183/183 MP: 16/16
 41383 | Crypt:1  | Identified the Grimoire of the Rocks and Poison
 41442 | Crypt:1  | Reached skill level 13 in Invocations
 41450 | Crypt:1  | Found a runed translucent gate.
 41451 | Crypt:1  | Found a runed translucent gate.
 41451 | Crypt:1  | Found an ancient bone altar of Kikubaaqudgha.
 41452 | Crypt:1  | Found a runed translucent gate.
 41453 | Crypt:1  | Noticed Houmnergh's ghost (master GnTm)
 41454 | Crypt:1  | Noticed an ancient lich
 41972 | Crypt:2  | Found a magical portal.
 41981 | WizLab   | Entered Iskenderun's Mystic Tower
 42158 | WizLab   | Reached skill level 3 in Translocations
 42609 | WizLab   | Identified Iskenderun's Catalogue of Damage Dealing
 42609 | WizLab   | Identified Iskenderun's Incunabulum of Conjuration
 42616 | WizLab   | Found the ring of Shadows {Umbra +Inv Stlth+}
 42840 | Crypt:2  | Reached skill level 4 in Translocations
 42942 | Crypt:2  | Reached skill level 15 in Shields
 42942 | Crypt:2  | Reached skill level 14 in Invocations
 43115 | Crypt:2  | Acquired the ring "Sixy" {rF+ rC+ rN+ Int+6 Dex-5}
 43438 | Crypt:3  | Entered Level 3 of the Crypt
 43448 | Crypt:3  | Reached skill level 13 in Evocations
 43525 | Crypt:3  | Reached skill level 20 in Armour
 43703 | Crypt:3  | Noticed an ancient lich
 43719 | Crypt:3  | Killed an ancient lich
 43720 | Crypt:3  | Reached skill level 15 in Invocations
 43777 | Crypt:3  | Reached XP level 22. HP: 190/191 MP: 19/19
 43862 | Crypt:3  | Found a basalt altar of Yredelemnul.
 43899 | Crypt:3  | Found the ring of the Hare {EV+8}
 43907 | Crypt:3  | Identified Tad Lia's Tome of Black Magic
 44088 | Crypt:3  | Found a staircase to the Tomb.
 44855 | D:14     | Bought a scroll of brand weapon for 680 gold pieces
 45086 | Depths:1 | Entered Level 1 of the Depths
 45342 | Depths:1 | Noticed a juggernaut
 45364 | Depths:1 | Killed a juggernaut
 45370 | Depths:1 | Reached skill level 16 in Invocations
 45385 | Depths:1 | Reached skill level 14 in Evocations
 45511 | Depths:1 | Found a gateway to Hell.
 45669 | Depths:1 | Got an ancient lead ring
 45670 | Depths:1 | Identified the ring "Ystriliwk" {+Blink rElec rPois MP+9}
                  | (You found it on level 1 of the Depths)
 45900 | Depths:1 | Found the macabre finger necklace {rN+}
 46148 | Depths:2 | Found Etous's Distillery.
 46535 | Depths:2 | Identified the +1 halberd of Summer {vorpal, rElec rC+
                  | Int+4}
 46537 | Depths:2 | Noticed a caustic shrike
 46558 | Depths:2 | Killed a caustic shrike
 46559 | Depths:2 | Reached skill level 11 in Fighting
 46559 | Depths:2 | Reached skill level 21 in Armour
 46736 | Depths:2 | Reached skill level 17 in Invocations
 46915 | Depths:3 | Found the ring of the Tortoise {AC+8}
 46984 | Depths:3 | Found a one-way gate leading to the halls of Pandemonium.
 47135 | Depths:3 | Reached XP level 23. HP: 202/202 MP: 21/21
 47238 | Depths:3 | Noticed a juggernaut
 47252 | Depths:3 | Killed a juggernaut
 47504 | Depths:3 | Reached skill level 15 in Evocations
 48181 | Depths:3 | Got a brightly glowing plate armour
 48247 | Depths:3 | Identified the +1 plate armour of Truth {rCorr} (You found
                  | it on level 3 of the Depths)
 48581 | Depths:4 | Reached skill level 18 in Invocations
 48742 | Depths:4 | Found a runed translucent gate.
 48742 | Depths:4 | Found a runed translucent gate.
 48742 | Depths:4 | Found a runed translucent gate.
 48744 | Depths:4 | Found a viscous altar of Jiyva.
 48744 | Depths:4 | Noticed stripedtigrrr's ghost (veteran GnWn)
 49142 | Depths:4 | Noticed a caustic shrike
 49160 | Depths:4 | Killed a caustic shrike
 49430 | Depths:4 | Noticed a caustic shrike
 49439 | Depths:4 | Killed a caustic shrike
 49440 | Depths:4 | Reached skill level 22 in Armour
 49505 | Depths:4 | Reached skill level 12 in Fighting
 49726 | Depths:5 | Entered Level 5 of the Depths
 49800 | Depths:5 | Noticed a juggernaut
 49810 | Depths:5 | Killed a juggernaut
 49811 | Depths:5 | Reached skill level 19 in Invocations
 49866 | Depths:5 | Reached XP level 24. HP: 200/213 MP: 22/22
 49990 | Depths:5 | Reached skill level 16 in Evocations
 50028 | Depths:5 | Reached skill level 5 in Translocations
 50078 | Depths:5 | Found a gateway to a ziggurat.
 50488 | Depths:5 | Reached skill level 6 in Translocations
 50495 | Depths:5 | Found a gate to the Realm of Zot.
 50697 | Depths:5 | Reached skill level 20 in Invocations
 51415 | Vaults:5 | Entered Level 5 of the Vaults
 51433 | Vaults:5 | Reached skill level 7 in Translocations
 51551 | Vaults:5 | Reached skill level 17 in Evocations
 51703 | Vaults:5 | Reached skill level 21 in Invocations
 51734 | Vaults:5 | Reached skill level 8 in Translocations
 51869 | Vaults:5 | Reached XP level 25. HP: 220/220 MP: 23/23
 51892 | Vaults:5 | Got a warped golden amulet
 51893 | Vaults:5 | Identified the amulet "Luigusm" {Inacc +Inv} (You found it
                  | on level 5 of the Vaults)
 51901 | Vaults:5 | Got a faintly glowing trident
 51907 | Vaults:5 | Acquired an uncursed amulet of reflection
 51932 | Vaults:5 | Noticed Xtahua
 51943 | Vaults:5 | Killed Xtahua
 51972 | Vaults:5 | Reached skill level 9 in Translocations
 52048 | Vaults:5 | Reached skill level 22 in Invocations
 52188 | Vaults:5 | Noticed an ancient lich
 52211 | Vaults:5 | Killed an ancient lich
 52212 | Vaults:5 | Reached skill level 18 in Evocations
 52227 | Vaults:5 | Got a silver rune of Zot
 52360 | Vaults:5 | Identified the amulet of Diyzegi {Will- Regen+ Str+2
                  | Slay+5}
 52521 | Vaults:5 | Identified the ring "Yvijako" {+Inv Slay+3 Stlth-}
 52564 | Vaults:5 | Reached skill level 13 in Fighting
 52784 | Vaults:5 | Identified the +0 scale mail of the Planets {rF+ Dex+2}
                  | (You found it on level 5 of the Vaults)
 53489 | D:12     | Bought a scroll of immolation for 63 gold pieces
 53489 | D:12     | Bought a scroll of vulnerability for 135 gold pieces
 53489 | D:12     | Bought a scroll of enchant weapon for 135 gold pieces
 53607 | Orc:2    | Bought a scroll of blinking for 105 gold pieces
 53607 | Orc:2    | Bought 2 scrolls of holy word for 210 gold pieces
 53607 | Orc:2    | Bought a scroll of enchant weapon for 105 gold pieces
 53607 | Orc:2    | Bought a scroll of vulnerability for 105 gold pieces
 53738 | D:12     | Bought a potion of haste for 160 gold pieces
 53738 | D:12     | Bought a potion of invisibility for 128 gold pieces
 53738 | D:12     | Bought a potion of haste for 160 gold pieces
 53738 | D:12     | Bought a potion of invisibility for 128 gold pieces
 53848 | Orc:2    | Bought a wand of polymorph (7) for 153 gold pieces
 53848 | Orc:2    | Bought a wand of paralysis (8) for 170 gold pieces
 53848 | Orc:2    | Bought a wand of paralysis (11) for 221 gold pieces
 54022 | D:14     | Bought a scroll of holy word for 255 gold pieces
 54022 | D:14     | Bought a scroll of enchant armour for 255 gold pieces
 54022 | D:14     | Bought a potion of resistance for 340 gold pieces
 54225 | D:12     | Bought the ring "Wean" {*Contam rElec rC+ MP+9 Str+5} for
                  | 1067 gold pieces
 54436 | D:12     | Bought the ring "Wiunicar" {rElec rC- Will+ Str+3 Dex+2}
                  | for 722 gold pieces
 54672 | Hell     | Entered the Vestibule of Hell
 54672 | Hell     | Noticed Geryon
 54693 | Hell     | Killed Geryon
 54794 | Hell     | Reached skill level 19 in Evocations
 54816 | Hell     | Reached skill level 16 in Shields
 54879 | Hell     | Found a gateway to the ashen valley of Gehenna.
 54911 | Hell     | Reached XP level 26. HP: 236/236 MP: 24/24
 54964 | Hell     | Found a gateway to the freezing wastes of Cocytus.
 54975 | Hell     | Reached skill level 14 in Fighting
 55058 | Hell     | Found a gateway to the decaying netherworld of Tartarus.
 55263 | Hell     | Found a gateway to the Iron City of Dis.
 55757 | Slime:1  | Entered Level 1 of the Pits of Slime
 56374 | Slime:3  | You fall into a shaft and drop 1 floor!
 56687 | Slime:2  | Reached skill level 20 in Evocations
 56864 | Slime:1  | Gained mutation: You are dopey. (Int -2) [a shining eye]
 57148 | Slime:4  | Gained mutation: Scrolls take you a little longer to read.
                  | [a shining eye]
 57171 | Slime:4  | Reached skill level 17 in Shields
 57488 | D:10     | Lost mutation: Scrolls take you a little longer to read.
                  | [potion of mutation]
 57488 | D:10     | Lost mutation: You are dopey. (Int -2) [potion of mutation]
 57488 | D:10     | Gained mutation: You are frail. (-10% HP) [potion of
                  | mutation]
 57488 | D:10     | Gained mutation: Your magical capacity is low. (-10% MP)
                  | [potion of mutation]
 57488 | D:10     | Lost mutation: Your magical capacity is low. (-10% MP)
                  | [potion of mutation]
 57489 | D:10     | Lost mutation: You are frail. (-10% HP) [potion of
                  | mutation]
 57489 | D:10     | Gained mutation: You are clumsy. (Dex -2) [potion of
                  | mutation]
 57489 | D:10     | Gained mutation: Your flesh is heat resistant. (rF+)
                  | [potion of mutation]
 57489 | D:10     | Gained mutation: You are very clumsy. (Dex -4) [potion of
                  | mutation]
 57489 | D:10     | Gained mutation: You have large cloven feet. [potion of
                  | mutation]
 57677 | Slime:5  | Entered Level 5 of the Pits of Slime
 57715 | Slime:5  | Noticed the Royal Jelly
 57719 | Slime:5  | Killed the Royal Jelly
 57834 | Slime:5  | Identified the Catalogue of Lethal Companions
 57848 | Slime:5  | Identified the ring "Odanekus" {Fire *Slow Will- Int+8
                  | Slay+5} (You found it on level 5 of the Pits of Slime)
 57897 | Slime:5  | Got a slimy rune of Zot
 57925 | Slime:5  | Got a heavily runed pewter ring
 57927 | Slime:5  | Identified the ring "Yrphail" {+Blink MP+9} (You found it
                  | on level 5 of the Pits of Slime)
 58584 | Orc:2    | Bought a manual of Shields for 1766 gold pieces
 58809 | Pan      | Entered Pandemonium
 59015 | Pan      | Reached skill level 21 in Evocations
 59151 | Pan      | Noticed Zeprob the pandemonium lord
 59153 | Pan      | Reached skill level 18 in Shields
 59166 | Pan      | Killed Zeprob the pandemonium lord
 59267 | Pan      | Entered the realm of Cerebov.
 59635 | Pan      | Identified the ring of the Augurer {Str+2 Dex+6}
 59636 | Pan      | Identified the +6 sword of Cerebov {flame}
 59636 | Pan      | Noticed Cerebov
 59708 | Pan      | Killed Cerebov
 59709 | Pan      | Reached skill level 19 in Shields
 59720 | Pan      | Reached XP level 27. HP: 163/244 MP: 23/23
 59784 | Pan      | Got a slimy dagger
 59829 | Pan      | Got a fiery rune of Zot
 59984 | Pan      | Got a transparent quarterstaff
 60150 | Pan      | Noticed Genoic the pandemonium lord
 60166 | Pan      | Killed Genoic the pandemonium lord
 60249 | Pan      | Reached skill level 22 in Evocations
 60314 | Pan      | Found an exit through the horrors of the Abyss.
 60782 | Pan      | Reached skill level 20 in Shields
 61248 | Pan      | Found an exit through the horrors of the Abyss.
 61741 | Pan      | Identified the amulet "Mick" {Reflect +Fly rF- Will+++
                  | Dex+2 SH+5} (You found it in Pandemonium)
 61832 | Pan      | Gained mutation: Your flesh is very heat resistant. (rF++)
                  | [a cacodemon]
 61845 | Pan      | Noticed Nafah the pandemonium lord
 61872 | Pan      | Killed Nafah the pandemonium lord
 61873 | Pan      | Reached skill level 15 in Fighting
 61932 | Pan      | Got a demonic rune of Zot
 61966 | Pan      | Reached skill level 21 in Shields
 61980 | Pan      | Found a transporter.
 62560 | Pan      | Entered the realm of Lom Lobon.
 62769 | Pan      | Noticed Lom Lobon
 62818 | Pan      | Got a magical rune of Zot
 62946 | Pan      | Noticed Xugho the pandemonium lord
 62963 | Pan      | Killed Xugho the pandemonium lord
 63077 | Pan      | Noticed Apar the pandemonium lord
 63154 | Pan      | Found an exit through the horrors of the Abyss.
 63183 | Pan      | You are cast into the Abyss!
 63183 | Pan      | Cast into level 4 of the Abyss (Apar)
 63222 | Abyss:4  | Found a corrupted altar of Lugonu.
 63225 | Abyss:4  | Acquired the +8 tower shield of the Harvest Moon {Rampage
                  | +Fly}
 63227 | Abyss:4  | Paralysed by accursed screaming for 1 turns
 63628 | Abyss:4  | Reached skill level 21 in Axes
 63677 | Abyss:4  | Paralysed by accursed screaming for 1 turns
 63843 | Abyss:4  | Paralysed by accursed screaming for 1 turns
 63848 | Abyss:4  | Reached skill level 16 in Fighting
 63934 | Abyss:4  | Paralysed by you for 4 turns
 63958 | Abyss:4  | Got an abyssal rune of Zot
 64006 | Abyss:4  | Paralysed by accursed screaming for 1 turns
 64008 | Abyss:4  | Paralysed by accursed screaming for 1 turns
 64012 | Abyss:4  | Paralysed by accursed screaming for 2 turns
 64017 | Abyss:4  | Paralysed by accursed screaming for 2 turns
 64039 | Pan      | Escaped the Abyss
 64062 | Pan      | You are cast into the Abyss!
 64062 | Pan      | Cast into level 4 of the Abyss (Apar)
 64135 | Pan      | Escaped the Abyss
 64147 | Pan      | Killed Apar the pandemonium lord
 64316 | Pan      | Entered the realm of Mnoleg.
 64322 | Pan      | Reached skill level 22 in Shields
 64331 | Pan      | Reached skill level 22 in Axes
 64412 | Pan      | Gained mutation: You evolve. [a cacodemon]
 64420 | Pan      | Gained mutation: You have a pair of small antennae on your
                  | head. [a neqoxec]
 64424 | Pan      | Noticed Mnoleg
 64436 | Pan      | Gained mutation: Your magical capacity is low. (-10% MP) [a
                  | neqoxec]
 64449 | Pan      | Killed Mnoleg
 64453 | Pan      | Got a glowing rune of Zot
 64468 | Pan      | Gained mutation: You are dopey. (Int -2) [a cacodemon]
 64476 | Pan      | Entered the realm of Gloorx Vloq.
 64519 | Pan      | Reached skill level 17 in Fighting
 64564 | Pan      | Noticed Gloorx Vloq
 64659 | Pan      | Found an exit through the horrors of the Abyss.
 64743 | Pan      | Got a dark rune of Zot
 64952 | Pan      | Acquired a +2 hat of see invisible
 65055 | Pan      | Found an exit through the horrors of the Abyss.
 65134 | Pan      | Gained mutation: You are partially covered in iridescent
                  | scales. (AC +2) [evolution]
 65171 | Pan      | Reached skill level 10 in Translocations
 65256 | Pan      | Noticed Reesch the pandemonium lord
 65295 | Pan      | Killed Reesch the pandemonium lord
 65403 | Pan      | Found an exit through the horrors of the Abyss.
 65546 | Pan      | Gained mutation: You are occasionally teleported next to
                  | monsters. [a neqoxec]
 65585 | Pan      | Noticed Xoux the pandemonium lord
 65629 | Pan      | Killed Xoux the pandemonium lord
 65630 | Pan      | Reached skill level 18 in Fighting
 65786 | Pan      | Reached skill level 11 in Translocations
 65828 | Pan      | Noticed Gloorx Vloq
 65925 | Pan      | Found a huge runed translucent gate.
 65926 | Pan      | Found a huge runed translucent gate.
 65927 | Pan      | Found a huge runed translucent gate.
 65927 | Pan      | Found a huge runed translucent gate.
 65927 | Pan      | Found a huge runed translucent gate.
 65927 | Pan      | Found a huge runed translucent gate.
 65927 | Pan      | Found a huge runed translucent gate.
 65969 | Pan      | Noticed Cucanik the pandemonium lord
 66016 | Pan      | Killed Cucanik the pandemonium lord
 66116 | Pan      | Noticed Jouppiym the pandemonium lord
 66132 | Pan      | Killed Jouppiym the pandemonium lord
 66188 | Pan      | Noticed Gloorx Vloq
 66217 | Pan      | Noticed Pon Aruw the pandemonium lord
 66245 | Pan      | Killed Pon Aruw the pandemonium lord
 66246 | Pan      | Reached skill level 19 in Fighting
 66265 | Depths:3 | Escaped Pandemonium
 66330 | Zot:1    | Entered Level 1 of the Realm of Zot
 66926 | Zot:2    | Reached skill level 20 in Fighting
 67110 | Zot:2    | Noticed an orb of fire
 67119 | Zot:2    | Gained mutation: You are sometimes teleported next to
                  | monsters. [an orb of fire]
 67129 | Zot:2    | Killed an orb of fire
 67170 | Zot:2    | You fall into a shaft and drop 1 floor!
 67267 | Zot:3    | Reached skill level 21 in Fighting
 68310 | Zot:4    | Noticed a juggernaut
 68319 | Zot:4    | Reached skill level 22 in Fighting
 68322 | Zot:4    | Killed a juggernaut
 68440 | Zot:4    | Reached skill level 12 in Translocations
 68632 | Zot:4    | Reached skill level 23 in Invocations
 68776 | Zot:4    | Found a runed translucent door.
 68776 | Zot:4    | Noticed Mikey69's ghost (legendary DsBe)
 69371 | Zot:4    | Reached skill level 24 in Invocations
 69507 | Zot:4    | Lost mutation: You evolve. [potion of mutation]
 69507 | Zot:4    | Lost mutation: You are very clumsy. (Dex -4) [potion of
                  | mutation]
 69507 | Zot:4    | Lost mutation: You are dopey. (Int -2) [potion of mutation]
 69507 | Zot:4    | Lost mutation: Your magical capacity is low. (-10% MP)
                  | [potion of mutation]
 69507 | Zot:4    | Gained mutation: Scrolls take you a little longer to read.
                  | [potion of mutation]
 69507 | Zot:4    | Gained mutation: Your magical capacity is low. (-10% MP)
                  | [potion of mutation]
 69507 | Zot:4    | Gained mutation: You have a beak for a mouth. [potion of
                  | mutation]
 69508 | Zot:4    | Lost mutation: Your magical capacity is low. (-10% MP)
                  | [potion of mutation]
 69508 | Zot:4    | Lost mutation: Scrolls take you a little longer to read.
                  | [potion of mutation]
 69508 | Zot:4    | Lost mutation: Your flesh is very heat resistant. (rF++)
                  | [potion of mutation]
 69508 | Zot:4    | Lost mutation: You are clumsy. (Dex -2) [potion of
                  | mutation]
 69508 | Zot:4    | Gained mutation: You are frail. (-10% HP) [potion of
                  | mutation]
 69508 | Zot:4    | Gained mutation: You are partially covered in rugged brown
                  | scales. (AC +1, +3% HP) [potion of mutation]
 69509 | Zot:4    | Lost mutation: You have large cloven feet. [potion of
                  | mutation]
 69509 | Zot:4    | Lost mutation: You are partially covered in iridescent
                  | scales. (AC +2) [potion of mutation]
 69509 | Zot:4    | Lost mutation: You are frail. (-10% HP) [potion of
                  | mutation]
 69509 | Zot:4    | Gained mutation: Your skin changes colour to match your
                  | surroundings (Stealth+). [potion of mutation]
 69509 | Zot:4    | Gained mutation: Your body sometimes deteriorates upon
                  | taking damage. [potion of mutation]
 69509 | Zot:4    | Gained mutation: You have a pair of antennae on your head.
                  | [potion of mutation]
 69510 | Zot:4    | Lost mutation: Your body sometimes deteriorates upon taking
                  | damage. [potion of mutation]
 69510 | Zot:4    | Lost mutation: Your flesh is heat resistant. (rF+) [potion
                  | of mutation]
 69510 | Zot:4    | Lost mutation: You are partially covered in rugged brown
                  | scales. (AC +1, +3% HP) [potion of mutation]
 69510 | Zot:4    | Lost mutation: You have a pair of antennae on your head.
                  | [potion of mutation]
 69510 | Zot:4    | Gained mutation: You are resistant to electric shocks.
                  | (rElec) [potion of mutation]
 69511 | Zot:4    | Lost mutation: You have a pair of small antennae on your
                  | head. [potion of mutation]
 69511 | Zot:4    | Lost mutation: You are resistant to electric shocks.
                  | (rElec) [potion of mutation]
 69511 | Zot:4    | Lost mutation: Your skin changes colour to match your
                  | surroundings (Stealth+). [potion of mutation]
 69511 | Zot:4    | Gained mutation: Your magical capacity is low. (-10% MP)
                  | [potion of mutation]
 69511 | Zot:4    | Gained mutation: You possess an exceptional clarity of
                  | mind. [potion of mutation]
 69511 | Zot:4    | Gained mutation: You have sharp toenails. [potion of
                  | mutation]
 69512 | Zot:4    | Lost mutation: You are sometimes teleported next to
                  | monsters. [potion of mutation]
 69512 | Zot:4    | Lost mutation: Your magical capacity is low. (-10% MP)
                  | [potion of mutation]
 69512 | Zot:4    | Lost mutation: You possess an exceptional clarity of mind.
                  | [potion of mutation]
 69512 | Zot:4    | Gained mutation: Your body sometimes deteriorates upon
                  | taking damage. [potion of mutation]
 69512 | Zot:4    | Gained mutation: Your movements are slightly less
                  | encumbered by armour. (ER -2) [potion of mutation]
 69512 | Zot:4    | Gained mutation: You are partially covered in rugged brown
                  | scales. (AC +1, +3% HP) [potion of mutation]
 69513 | Zot:4    | Lost mutation: Your body sometimes deteriorates upon taking
                  | damage. [potion of mutation]
 69513 | Zot:4    | Lost mutation: Your movements are slightly less encumbered
                  | by armour. (ER -2) [potion of mutation]
 69513 | Zot:4    | Lost mutation: You have sharp toenails. [potion of
                  | mutation]
 69513 | Zot:4    | Lost mutation: You are occasionally teleported next to
                  | monsters. [potion of mutation]
 69513 | Zot:4    | Gained mutation: You are resistant to electric shocks.
                  | (rElec) [potion of mutation]
 69546 | Zot:5    | Entered Level 5 of the Realm of Zot
 69756 | Zot:5    | Noticed OdinFK's ghost (veteran SpBr)
 69765 | Zot:5    | Identified the +9 battleaxe of Qusecira {distort, rPois
                  | rF++ Str-3 Dex+2}
 69778 | Zot:5    | Found a transporter.
 69784 | Zot:5    | Found a transporter.
 70252 | Zot:5    | Noticed an ancient lich
 70252 | Zot:5    | Noticed an orb of fire
 70268 | Zot:5    | Killed an ancient lich
 70269 | Zot:5    | Reached skill level 25 in Invocations
 70277 | Zot:5    | Killed an orb of fire
 70280 | Zot:5    | Noticed an orb of fire
 70308 | Zot:5    | Killed an orb of fire
 70417 | Zot:5    | Reached skill level 26 in Invocations
 70451 | Zot:5    | Noticed an orb of fire
 70485 | Zot:5    | Killed an orb of fire
 70526 | Zot:5    | Noticed an orb of fire
 70538 | Zot:5    | Killed an orb of fire
 70575 | Zot:5    | Reached skill level 27 in Invocations
 70624 | Zot:5    | Noticed an orb of fire
 70628 | Zot:5    | Gained mutation: You are dopey. (Int -2) [an orb of fire]
 70633 | Zot:5    | Gained mutation: You occasionally shout uncontrollably at
                  | your foes. [an orb of fire]
 70634 | Zot:5    | Killed an orb of fire
 70928 | Zot:5    | Got the Orb of Zot
 71115 | Depths:5 | Reached skill level 23 in Armour
 71222 | D:15     | Noticed Pydidd the pandemonium lord
 71430 | D:$      | Escaped with the Orb!

Illustrated notes

Levels and vault maps discovered:
D:1:      lightli_arrival_maybe_door_vault, layout_loops_ring
D:2:      layout_rooms, minmay_pentomino_p2, uniq_sigmund, uniq_natasha
D:3:      layout_loops_ring, gammafunk_temple_overflow_pools, minitemple,
          xom_teletrap_fun, makhleb_blood_cavern_becter
D:4:      layout_cave_pools, lemuel_coloured_pillars_altar,
          nicolae_dithmenos_the_darkroom, gammafunk_ghost_icy
D:5:      layout_gridville, elyvilon_altar_5, minmay_misc_feat_cross
D:6:      layout_cave_pools, nicolae_qazlal_style_of_elements,
          serial_bayou_lake_a
D:7:      layout_rooms, minmay_temple_entry_water_ring, basic_altar,
          gammafunk_ghost_abyssal_escape
D:8:      layout_rooms, lair_entry_dummy, special_room [special_room_orc],
          uniq_harold, uniq_erica
D:9:      layout_stronghold, serial_shops,
          nicolae_shop_temple_entry_statues_fountains,
          ebering_ghost_reflecting_pool, uniq_gastronok
D:10:     layout_long_grid, uniq_urug, uniq_josephine
D:11:     layout_roguey [special_room_bee],
          kennysheep_orc_monster_closet_entryway, minmay_misc_feat_enclosed,
          grunt_decor_mini_mirrors, minmay_misc_feat_chi
D:12:     layout_loops_ring, serial_shops, shop, kennysheep_mini, shop, shop,
          shop
D:13:     layout_rooms, david_vaults_1, hellmonk_ghost_happy_afterlife,
          nicolae_water_bricks
D:14:     layout_irregular_city, serial_shops, shop, minmay_misc_feat_hallway
D:15:     hangedman_depths_entry_try_elsewhere_first, layout_basic,
          corexii_leaking_fountain
Temple:   minmay_temple_forest_path
Lair:1:   layout_regular_city, serial_forest, infiniplex_forest_lined_2,
          infiniplex_forest_straight_4, infiniplex_forest_lined_room_2,
          infiniplex_forest_corner_1, infiniplex_forest_lined_3_way,
          kennysheep_abandoned_house
Lair:2:   layout_roguey, grunt_megastairs_1, serial_bayou_shore_b,
          lemuel_fruit_tree
Lair:3:   layout_chaotic_city, minmay_swamp_entry_reptiles,
          gammafunk_ghost_berserking_beasts
Lair:4:   layout_loops_ring, nicolae_spider_entry_orb_guardian,
          grunt_megastairs_5, uniq_snorg
Lair:5:   layout_cave_shapes, slime_altar_2
Lair:6:   due_jungle_book, layout_long_grid, lemuel_oklob_altar,
          minmay_lair_oklob_chamber, infiniplex_staircase_pool_2
Swamp:1:  layout_basic_swamp, nicolae_swamp_trees_clearing, swamp_pool1,
          st_swamp_ruins_2, infiniplex_staircase_pool
Swamp:2:  layout_basic_swamp, evilmike_swamp_ruin_house_5, swamp_pool3
Swamp:3:  layout_falls_marsh, evilmike_swamp_ruin_house_2, hangedman_swamp_dais
Swamp:4:  swamp_icy, layout_basic_swamp, swamp_pool2
Spider:1: layout_spider_delve
Spider:2: layout_chambers, guppyfry_hornet_nest
Spider:3: layout_spider_delve
Spider:4: spider_rune_water, gammafunk_ghost_split, nicolae_spider_cling_ruins
Slime:1:  layout_caves, cheibrodos_slime_lost_civilization_5
Slime:2:  layout_caves
Slime:3:  layout_caves
Slime:4:  layout_caves
Slime:5
Orc:1:    layout_caves, david_defended_altar_orc
Orc:2:    kennysheep_orc_mage_school, layout_diamond_mine,
          lightli_church_of_beogh, uniq_maurice
Vaults:1: vaults_dpeg_ring, hangedman_vaults_hat, v_misc_13,
          ontoclasm_vaults_decontamination, nicolae_vaults_mini_display_case,
          vaults_room_semicircle, nicolae_vaults_yaktaur_gun_rack,
          layout_vaults_omnigrid
Vaults:2: ontoclasm_vaults_pinch, nicolae_vaults_little_squares_5, v_rooms_4,
          st_hourglassy, v_rooms_2, v_misc_11, vaults_room_door_hall,
          dpeg_vaults_monster_row, grunt_vaults_twisty,
          nicolae_vaults_angled_halls, nicolae_vaults_diagonal_hallway_9,
          layout_vaults_maze_snakey, uniq_nikola, uniq_saint_roka
Vaults:3: gammafunk_vaults_ghost_crypt, nicolae_vaults_diagonal_hallway_8,
          nicolae_vaults_little_squares_6, nicolae_vaults_network_star,
          nicolae_vaults_shelves_hall, hangedman_vaults_nodes,
          minmay_crypt_entry_simple_statues, v_misc_5, v_misc_1, v_misc_29,
          v_rooms_3, layout_vaults_ring
Vaults:4: nicolae_vaults_angled_halls, hangedman_vaults_unwind, v_misc_13,
          st_greater_box_5, nicolae_vaults_rhombus_5,
          ontoclasm_vaults_ring_square, nicolae_vaults_circle_grid_a,
          nicolae_vaults_specimen_jars, layout_vaults_chaotic_city,
          serial_shops, bzr_entry_islet, uniq_bai_suzhen
Vaults:5: serial_shops, uniq_xtahua
Crypt:1:  layout_chaotic_city, gammafunk_ghost_crypt, grunt_crypt_arrival_split
Crypt:2:  layout_misc_corridors, mu_enter_wizlab_7
Crypt:3:  cryptofortress_bobbens
Depths:1: hourglass_vault, layout_cave_pools, hell_entry,
          amcnicky_mini_pool_small, abyss_entry, horrible_house_mu
Depths:2: four-leaf_vault, layout_cave_shapes, serial_shops,
          nicolae_shop_crystal, pf_coc_iceberg, abyss_entry, grunt_megastairs_4
Depths:3: hangedman_cross_veins, layout_gridlike, minmay_misc_feat_square,
          pan_entry, hell_entry, mumra_transporter_accident,
          serial_bayou_shore_b, kennysheep_random_hallway
Depths:4: angbandy_vault, layout_cave_pools, serial_sigils_hangedman_stare,
          marbit_kobold_abyss_entry, gammafunk_ghost_ooze, hell_entry,
          kennysheep_generic_room_6
Depths:5: grunt_zot_entry_pinwheel, layout_basic, enter_ziggurat_b, hellmouth_1
Hell
Zot:1:    layout_misc_corridors
Zot:2:    kennysheep_bubbly, layout_gridlike
Zot:3:    layout_misc_corridors, guppyfry_library_mini
Zot:4:    ebering_greatest_show_in_zot, layout_gridlike, gammafunk_ghost_grave
Zot:5:    layout_basic, gammafunk_ghost_abyssal_escape

Skill      XL: |  1  2  3  4  5  6  7  8  9 10 11 12 13 14 15 16 17 18 19 20 21 22 23 24 25 26 27 |
---------------+----------------------------------------------------------------------------------+-----
Axes           | 4 5 6 7 8 10 11 12 13 14 16 18 19 20 22 | 22.0
Dodging        | 4 3 4 0 |  0.0
Stealth        | 3 4 |  4.0
Armour         | 4 6 7 9 10 11 13 15 17 18 19 20 21 22 23 | 23.1
Fighting       | 3 4 5 6 7 8 9 10 11 12 13 14 22 | 22.0
Throwing       | 1 2 3 5 7 9 |  9.0
Evocations     | 2 3 5 6 7 9 10 12 13 14 15 17 19 21 22 | 22.0
Invocations    | 2 3 7 8 10 12 15 17 19 21 22 27 | 27.0
Shields        | 2 4 7 10 11 12 13 14 15 16 19 22 | 22.0
Translocations | 1 2 4 8 9 12 | 12.0
Bows           | |  0.2

Action                   |  1- 3 |  4- 6 |  7- 9 | 10-12 | 13-15 | 16-18 | 19-21 | 22-24 | 25-27 || total
-------------------------+-------+-------+-------+-------+-------+-------+-------+-------+-------++-------
Melee: Hand axe          |    80 |   315 |   544 |       |       |       |       |       |       ||   939
       Unarmed           |       |     4 |       |       |       |       |       |       |       ||     4
       War axe           |       |       |   162 |  1321 |  1707 |   397 |       |       |       ||  3587
       Broad axe         |       |       |       |       |       |  1132 |  1686 |  1623 |  3810 ||  8251
       Peck              |       |       |       |       |       |       |       |       |   128 ||   128
Throw: Boomerang         |       |    19 |    28 |   102 |   315 |    81 |    21 |       |       ||   566
       Throwing net      |       |       |     3 |     1 |       |       |       |       |     3 ||     7
       Javelin           |       |       |       |    16 |    52 |    27 |       |       |       ||    95
       Dart              |       |       |       |       |       |     1 |     2 |       |       ||     3
 Cast: Apportation       |       |       |       |       |       |       |       |       |     2 ||     2
       Blink             |       |       |       |       |       |       |       |       |     3 ||     3
Invok: Sacrifice Skill   |       |       |     1 |       |       |       |       |       |       ||     1
       Draw Out Power    |       |       |       |    24 |     4 |       |       |       |       ||    28
       Sacrifice Essence |       |       |       |     1 |       |       |       |       |       ||     1
       Sacrifice Arcana  |       |       |       |     1 |       |       |       |       |       ||     1
       Power Leap        |       |       |       |     1 |       |       |       |       |       ||     1
       Sacrifice Love    |       |       |       |     1 |       |       |       |       |       ||     1
       Sacrifice Nimblen |       |       |       |     1 |       |       |       |       |       ||     1
       Sacrifice Purity  |       |       |       |       |     1 |       |       |       |       ||     1
       Renounce Religion |       |       |       |       |     1 |       |       |       |       ||     1
 Abil: Heal Wounds       |     1 |     7 |    13 |    20 |    20 |     5 |     1 |     1 |    17 ||    85
       Evoke Flight      |       |       |       |       |       |     4 |       |     3 |       ||     7
Evoke: Wand              |       |       |     9 |    33 |    32 |    90 |     3 |     7 |    86 ||   260
       Condenser vane    |       |       |       |       |     3 |     2 |     2 |     3 |     7 ||    17
       Lightning rod     |       |       |       |       |       |     2 |       |       |       ||     2
       Tin of tremorston |       |       |       |       |       |       |     2 |     3 |    23 ||    28
       Phial of floods   |       |       |       |       |       |       |       |       |     4 ||     4
  Use: Scroll            |       |       |       |       |       |    53 |     4 |    13 |    57 ||   127
       Potion            |       |       |       |       |       |     3 |     2 |     4 |    46 ||    55
 Stab: Sleeping          |     2 |     1 |       |       |       |       |       |       |       ||     3
       Distracted        |       |     1 |     1 |     3 |       |    20 |    17 |    26 |    45 ||   113
       Held in net/web   |       |       |     2 |       |       |       |       |       |     5 ||     7
       Invisible         |       |       |       |     4 |     2 |     5 |       |       |    14 ||    25
       Paralysed         |       |       |       |     3 |    14 |     3 |       |       |    15 ||    35
       Petrifying        |       |       |       |       |       |       |       |       |     4 ||     4
       Petrified         |       |       |       |       |       |       |       |       |     2 ||     2
Armor: Robe              |     5 |       |       |       |       |       |       |       |       ||     5
       Ring mail         |    20 |    82 |       |       |       |       |       |       |       ||   102
       Storm dragon scal |       |    25 |   326 |   274 |       |       |       |       |       ||   625
       Skin              |       |     1 |       |       |       |       |       |       |     1 ||     2
       Chain mail        |       |       |    16 |   131 |       |       |       |       |       ||   147
       Scale mail        |       |       |    10 |    16 |       |       |       |       |       ||    26
       Plate armour      |       |       |       |   225 |   983 |  1125 |   480 |   553 |    88 ||  3454
       Gold dragon scale |       |       |       |       |       |       |       |       |  1499 ||  1499
Dodge: Dodged            |    56 |   220 |   292 |   442 |   294 |   600 |   474 |   703 |  1006 ||  4087
       Repelled          |       |       |       |       |       |    10 |    16 |    21 |     7 ||    54
Block: Buckler           |       |       |       |   172 |   152 |       |       |       |       ||   324
       Kite shield       |       |       |       |       |   390 |  1057 |   717 |   804 |   112 ||  3080
       Tower shield      |       |       |       |       |       |       |       |       |  3827 ||  3827

Table legend: (Time is in decaauts)
 A = Elapsed time spent in this place.
 B = Non-inter-level travel time spent in this place.
 C = Inter-level travel time spent in this place.
 D = Time resting spent in this place.
 E = Time spent auto-exploring this place.
 F = Levels seen in this place.
 G = Mean time per level.
                   A        B        C        D        E       F      G
               +--------+--------+--------+--------+--------+-----+--------+
         Total |  68806 |  56156 |  12650 |    677 |  32108 |  76 |  905.3 |
       Dungeon |  19783 |  13964 |   5819 |    336 |   6997 |  15 | 1318.9 |
        Temple |    106 |     73 |     33 |      0 |     45 |   1 |  106.0 |
          Lair |   7923 |   5472 |   2451 |     54 |   3290 |   6 | 1320.5 |
         Swamp |   2775 |   2620 |    155 |      0 |   1672 |   4 |  693.8 |
   Spider Nest |   4134 |   3513 |    621 |      0 |   2012 |   4 | 1033.5 |
    Slime Pits |   2151 |   1875 |    276 |     48 |   1400 |   5 |  430.2 |
  Orcish Mines |   3368 |   1982 |   1386 |     48 |    987 |   2 | 1684.0 |
        Vaults |   7337 |   6414 |    923 |      0 |   4198 |   5 | 1467.4 |
         Crypt |   2671 |   2541 |    130 |      6 |   1577 |   3 |  890.3 |
        Depths |   5732 |   5192 |    540 |      3 |   3664 |   5 | 1146.4 |
          Hell |    706 |    687 |     19 |      0 |    490 |   1 |  706.0 |
           Zot |   4470 |   4177 |    293 |    132 |   2814 |   5 |  894.0 |
         Abyss |    839 |    839 |      0 |      0 |     59 |   2 |  419.5 |
   Pandemonium |   6048 |   6048 |      0 |     41 |   2813 |  16 |  378.0 |
        Bazaar |    148 |    148 |      0 |      0 |     36 |   1 |  148.0 |
        Wizlab |    607 |    607 |      0 |      8 |     49 |   1 |  607.0 |
               +--------+--------+--------+--------+--------+-----+--------+

Top non-repeatable levels by time:
    D:10: 2774 daAuts
   Orc:2: 2678 daAuts
    D:11: 2293 daAuts
Vaults:5: 1678 daAuts
     D:8: 1646 daAuts
  Lair:1: 1626 daAuts
    D:12: 1548 daAuts
Vaults:3: 1519 daAuts
Vaults:4: 1508 daAuts
Vaults:1: 1414 daAuts
Depths:3: 1388 daAuts
Spider:2: 1356 daAuts
  Lair:2: 1349 daAuts
  Lair:6: 1330 daAuts
   Zot:5: 1284 daAuts
